 Dungeon Crawl Stone Soup version 0.26.1-11-gd32895ea62 (webtiles) character file.

Game seed: 13492240434653390506

18 Zeld the Insei (level 2, -4/18 HPs)
             Began as an Octopode Transmuter on June 1, 2021.
             Slain by Terence
             ... wielding a +0 flail
              (8 damage)
             ... on level 2 of the Dungeon.
             The game lasted 00:00:43 (631 turns).

Zeld the Insei (Octopode Transmuter)                 Turns: 631, Time: 00:00:44

Health: -4/18      AC:  1    Str:  9    XL:     2   Next: 70%
Magic:  4/5        EV: 13    Int: 15    God:
Gold:   27         SH:  0    Dex: 12    Spells: 2/5 levels left

rFire    . . .     SeeInvis .     - Unarmed
rCold    . . .     Faith    .   (no shield)
rNeg     . . .     Spirit   .   (helmet currently unavailable)
rPois    .         Reflect  .   (no amulet)
rElec    .         Harm     .   (no ring)
rCorr    .         Rampage  .   (no ring)
Will     .....                  (no ring)
Stlth    ++........             (no ring)
HPRegen  0.06/turn              (no ring)
MPRegen  0.09/turn              (no ring)
                                (no ring)
                                (no ring)

@: appendages
A: almost no armour, stealthy swim, amphibious, 8 rings, constrict 8, tentacle
spike 3, camouflage 1, gelatinous body 1
a: End Transformation


You were on level 2 of the Dungeon.
One of your tentacles had a temporary spike.
You visited 1 branch of the dungeon, and saw 3 of its levels.

You collected 27 gold pieces.

Inventory:

Jewellery
 b - an uncursed ring of fire {unknown}
Scrolls
 a - a scroll of magic mapping {unknown}
Potions
 c - 2 potions of mutation {unknown}
 d - a potion of magic {unknown}


   Skills:
 + Level 1.4 Fighting
 + Level 2.2 Dodging
 - Level 3.0 Unarmed Combat
 * Level 2.3 Spellcasting
 * Level 2.4 Transmutations


You had 2 spell levels left.
You knew the following spells:

 Your Spells              Type           Power        Failure   Level
a - Beastly Appendage     Tmut           16%          9%          1
b - Wereblood             Tmut           8%           12%         2

Your spell library contained the following spells:

 Spells                   Type           Power        Failure   Level
 Spider Form              Tmut/Pois      2%           36%         3
 Ice Form                 Ice/Tmut       5%           78%         4
 Blade Hands              Tmut           4%           92%         5


Dungeon Overview and Level Annotations

Branches:
Dungeon (3/15)

Altars:
Ru

Annotations:
D:2 Terence


Innate Abilities, Weirdness & Mutations

You cannot wear most types of armour.
You are very stealthy in the water. (Stealth+)
You are amphibious.
You can wear up to eight rings at the same time.
You can use your tentacles to constrict eight enemies at once.
Your skin changes colour to match your surroundings (Stealth+).
Your rubbery body absorbs attacks. (AC +1, EV +1)
One of your tentacles bears a large vicious spike.


Message History

Nothing appears to happen.
Okay, then.
Your magical contamination has completely faded away.
There is a stone staircase leading up here.
Terence hits you with a +0 flail.
You climb upwards.
There is a stone staircase leading down here.
Casting: Beastly Appendage (safe; 9% risk of failure)
Confirm with . or Enter, or press ? or * to list all spells.
One of your tentacles grows a vicious spike.
Terence hits you with a +0 flail!
Ouch! That really hurt!
* * * LOW HITPOINT WARNING * * *
Terence barely misses you.
You tentacle-slap Terence but do no damage.
Your grab misses Terence. You squeeze Terence.
Terence is moderately wounded.
Terence says, "Rest in peace."
Terence hits you with a +0 flail!
You die...

..
#.........##..#≈...≈#.
##
#........####.#≈._.≈#.
#.......## #.#≈...≈#.
#####...# #.#.≈≈≈.#.
#.[.# #.#.)...#. #...#
##.#...#†. #...#
##.#.#)..
######@..########.#.###
#.....@.......###..## #
...................## #
##......[......##.)# #
######...#######<.# #
#...# #..##### #...#
#....... #...# ##.#####
#...# #.# #.#####


You could see Terence.

Vanquished Creatures
  3 bats (D:1)
  A giant cockroach (D:1)
  5 hobgoblins
  A quokka (D:3)
  3 frilled lizards
  3 goblins
16 creatures vanquished.

Notes
Turn   | Place    | Note
-------+----------+-------------------------------------------
     0 | D:1      | Zeld the Octopode Transmuter began the quest for the Orb.
     0 | D:1      | Reached XP level 1. HP: 13/13 MP: 3/3
   305 | D:1      | Reached XP level 2. HP: 14/18 MP: 3/5
   308 | D:1      | Learned a level 2 spell: Wereblood
   421 | D:2      | Found a sacrificial altar of Ru.
   608 | D:3      | Noticed Terence
   631 | D:2      | Slain by Terence

Illustrated notes

Levels and vault maps discovered:
D:1:      wander_arrival_estate, layout_basic, minmay_misc_feat_roman,
          st_stairs_11
D:2:      layout_loops_cross, nicolae_ru_awakened_eye, general_overflow_altar
D:3:      layout_basic, overflow_temple_1_default, minmay_pentomino_pile,
          uniq_grinder, uniq_jessica, uniq_terence, uniq_natasha

Action                   || total
-------------------------++-------
Melee: Unarmed           ||    37
       Constrict         ||    10
       Tentacles         ||     7
       Kick              ||     4
 Cast: Beastly Appendage ||     7
 Stab: Sleeping          ||     3
Armor: Skin              ||     5
Dodge: Dodged            ||    31
